 Dungeon Crawl Stone Soup version 0.21-a0-442-g848f44b (webtiles) character file.

22828 Moloch the Impaler (level 12, -4/109 HPs)
             Began as a Demonspawn Fighter on Nov 13, 2017.
             Was the Champion of Okawaru.
             Slain by a komodo dragon (19 damage)
             ... on level 4 of the Lair of Beasts on Nov 14, 2017.
             The game lasted 00:38:56 (16414 turns).

Moloch the Impaler (Demonspawn Fighter)            Turns: 16414, Time: 00:38:56

Health: -4/109     AC: 18    Str: 17      XL:     12   Next: 66%
Magic:  12/12      EV:  2    Int:  8 (10) God:    Okawaru [******]
Gold:   758        SH:  9    Dex: 22      Spells: 11/11 levels left

rFire    . . .     SeeInvis +   a - +1 trident
rCold    . . .     Gourm    .   c - +0 shield
rNeg     . . .     Faith    .   G - +0 plate armour
rPois    .         Spirit   .   H - +2 hat
rElec    .         Reflect  .   h - +2 cloak
rCorr    .         Harm     .   (no gloves)
MR       .....                  (no boots)
Stlth    ..........             (no amulet)
HPRegen  0.28/turn              k - +5 ring of dexterity
MPRegen  0.13/turn              r - ring of see invisible

@: lethally poisoned (-4 -> -5)
A: hooves 2, rugged brown scales 2, deterioration 1, powered by death 2, robust
1, MP-powered wands
a: Heroism, Finesse, Renounce Religion


You were on level 4 of the Lair of Beasts.
You worshipped Okawaru.
Okawaru was exalted by your worship.
You were not hungry.

You visited 3 branches of the dungeon, and saw 15 of its levels.
You also visited: Sewer.

You collected 758 gold pieces.

Inventory:

Hand Weapons
 a - a +1 trident (weapon)
 J - a +0 glaive
 P - a +5 bardiche of venom
Missiles
 i - 3 tomahawks of returning (quivered)
 m - a throwing net
Armour
 c - a +0 shield (worn)
 h - a +2 cloak (worn)
 G - a +0 plate armour (worn)
 H - a +2 hat (worn)
Jewellery
 k - a +5 ring of dexterity (left hand)
 r - a ring of see invisible (right hand)
 W - a cursed ring of protection from magic {unknown}
Wands
 o - a wand of random effects (26/48)
 v - a wand of flame (0/48)
 D - a wand of clouds (3/9)
 E - a wand of confusion (13/48)
 K - a wand of confusion (11/48)
 M - a wand of digging (18/24)
 N - a wand of polymorph (8/24)
 S - a wand of acid (2/15)
 U - a wand of iceblast (7/15)
Scrolls
 g - 4 scrolls of amnesia {unknown}
 l - a scroll of enchant weapon
 n - 4 scrolls of teleportation
 s - 3 scrolls of fear {unknown}
 y - 2 scrolls of identify
 B - 2 scrolls of magic mapping
 F - a scroll of holy word {unknown}
 L - a scroll of enchant armour {unknown}
 O - a scroll of acquirement {unknown}
 Q - 3 scrolls of remove curse
 V - 2 scrolls of summoning {unknown}
Potions
 b - 6 potions of flight
 d - a potion of might
 e - a potion of heal wounds
 p - a potion of magic
 q - a potion of ambrosia {unknown}
 t - 2 potions of lignification
 w - 3 potions of brilliance
 x - 5 potions of curing
 A - 2 potions of agility {unknown}
 C - a potion of haste {unknown}
Books
 z - a book of Maledictions

   Spells                             Type                      Level
   a - Corona                         Hexes                        1
   b - Ensorcelled Hibernation        Hexes/Ice                    2
   c - Confuse                        Hexes                        3
   d - Tukima's Dance                 Hexes                        3
   e - Dazzling Spray                 Conjuration/Hexes            3
 R - a book of Debilitation

   Spells                             Type                      Level
   a - Corona                         Hexes                        1
   b - Slow                           Hexes                        2
   c - Inner Flame                    Hexes/Fire                   3
   d - Portal Projectile              Hexes/Translocation          3
   e - Cause Fear                     Hexes                        4
   f - Leda's Liquefaction            Hexes/Earth                  4
Comestibles
 f - 4 bread rations
 j - 7 meat rations
 u - 6 fruits
 I - 12 royal jellies
 T - 4 chunks of flesh


   Skills:
 - Level 9.0 Fighting
 + Level 17.0 Polearms
 - Level 2.6 Armour
 - Level 2.6 Shields


You had 11 spell levels left.
You didn't know any spells.

Dungeon Overview and Level Annotations

Branches:
Dungeon (10/15)            Temple (1/1) D:4            Lair (4/6) D:8
  Swamp (0/4) Lair:3       Spider (0/4) Lair:2
    Orc: D:9-12

Altars:
Ashenzari
Cheibriados
Dithmenos
Elyvilon
Fedhas
Gozag
Hepliaklqana
Kikubaaqudgha
Makhleb
Nemelex Xobeh
Okawaru
Qazlal
Ru
Sif Muna
Trog
Uskayaw
Vehumet
Wu Jian
Xom
Yredelemnul
Zin
The Shining One

Shops:
D:4 (

Annotations:
D:3 1 runed door
D:7 Maurice


Innate Abilities, Weirdness & Mutations

You have hoof-like feet.
You are mostly covered in rugged brown scales. (AC +2, +5% HP)
You regenerate health from kills.
Your body sometimes deteriorates upon taking damage.
You are robust. (+10% HP)
You expend magic power (3 MP) to strengthen your wands.


Message History

Your shield and plate armour prevent you from hitting the komodo dragon.
The komodo dragon is severely wounded.
The komodo dragon bites you but does no damage.
Your shield and plate armour prevent you from hitting the komodo dragon.
The komodo dragon is severely wounded.
You feel sick.
You hit the komodo dragon but do no damage.
You kick the komodo dragon, but do no damage.
The komodo dragon is severely wounded.
You block the komodo dragon's attack.
You hit the komodo dragon.
The komodo dragon is severely wounded.
You block the komodo dragon's attack.
You hit the komodo dragon but do no damage.
You kick the komodo dragon.
The komodo dragon is severely wounded.
You puncture the komodo dragon! You kick the komodo dragon.
The komodo dragon is almost dead.
You feel sick. The komodo dragon bites you!!
You die...

...............###### #.....
.....P.#.#.....# #.....
...#...##....## ###.....
.P#.#.##......# #......P
...#.........## +.....
.......#.#....## #....#
...#...##.....P# #.#....#
.......####.....## #.....P
....#.. #..@....# #.##......
............l................
............................
...........................
...####.................. .#.
##................. .
#...PP....#.P.....
#..[#.....###...##
...........##


You could see a komodo dragon.

Vanquished Creatures
  Gastronok (D:7)
  2 hydras
  Erica (D:8)
  A two-headed ogre (D:9)
  Urug (Lair:2)
  A deep elf mage (D:7)
  2 black mambas
  Joseph (D:8)
  A gargoyle (D:10)
  3 spiny frogs
  A rime drake (Lair:2)
  2 komodo dragons
  A troll (D:8)
  A hornet (D:10)
  2 polar bears
  4 blink frogs
  The ghost of wintastic the Charmwright, an amateur MfSk (D:4)
  7 hippogriffs
  A wyvern (D:10)
  Grum (D:7)
  11 yaks
  A steam dragon (Lair:3)
  A hungry ghost (D:7)
  2 basilisks
  2 soldier ants (D:10)
  5 swamp worms
  An acid dragon (Lair:2)
  4 water moccasins (Lair:2)
  8 porcupines
  2 black bears (D:8)
  4 orc warriors
  A swamp drake (D:8)
  4 sky beasts
  2 ice beasts
  8 ogres
  12 wolves
  3 centaurs
  10 crocodiles
  3 big kobolds
  4 bullfrogs
  A wyvern zombie (D:9)
  2 scorpions (D:4)
  A water moccasin zombie (D:10)
  14 killer bees
  5 electric eels
  A howler monkey (D:6)
  3 jellies
  5 crimson imps
  A bullfrog zombie (D:10)
  2 centaur zombies
  9 hounds
  2 bullfrog skeletons (D:9)
  2 orc priests
  4 iguanas
  7 orc wizards
  7 worker ants
  A hound zombie (D:5)
  A worker ant zombie (D:10)
  A howler monkey zombie (D:5)
  11 adders
  2 river rats
  3 shadow imps
  7 oozes
  An adder zombie (D:5)
  An adder skeleton (D:6)
  7 worms
  A dart slug (D:2)
  10 leopard geckos
  26 orcs
  8 giant cockroaches
  8 goblins
  9 hobgoblins
  18 jackals
  4 quokkas
  3 ball pythons
  13 bats
  6 frilled lizards
  17 kobolds
  10 rats
  A butterfly (Lair:3)
358 creatures vanquished.

Vanquished Creatures (others)
  A human (D:2)
  4 fungi
  4 plants
9 creatures vanquished.

Grand Total: 367 creatures vanquished

Notes
Turn   | Place    | Note
-------+----------+-------------------------------------------
     0 | D:1      | Moloch the Demonspawn Fighter began the quest for the Orb.
     0 | D:1      | Reached XP level 1. HP: 18/18 MP: 1/1
    50 | D:1      | Reached skill level 2 in Polearms
    80 | D:1      | Gained mutation: You have large cloven feet. [demonic ancestry]
    80 | D:1      | Reached XP level 2. HP: 21/24 MP: 2/2
   572 | D:2      | Reached XP level 3. HP: 29/29 MP: 3/3
  1133 | D:2      | Reached skill level 3 in Polearms
  1287 | D:2      | Found an ancient bone altar of Kikubaaqudgha.
  1288 | D:2      | Noticed a human
  1289 | D:2      | Killed a human
  1428 | D:2      | Reached XP level 4. HP: 15/37 MP: 4/4
  2322 | D:3      | Reached skill level 4 in Polearms
  2401 | D:3      | Reached XP level 5. HP: 41/42 MP: 5/5
  2455 | D:3      | Found a runed door.
  2974 | D:4      | Found a staircase to the Ecumenical Temple.
  2984 | Temple   | Entered the Ecumenical Temple
  3132 | Temple   | Became a worshipper of Warmaster Okawaru
  3205 | D:4      | Reached skill level 5 in Polearms
  3216 | D:4      | Gained mutation: You are partially covered in rugged brown scales. (AC +1, +3% HP) [demonic ancestry]
  3216 | D:4      | Reached XP level 6. HP: 29/49 MP: 6/6
  3818 | D:4      | Noticed wintastic's ghost (amateur MfSk)
  3862 | D:4      | Killed wintastic's ghost
  3862 | D:4      | Reached * piety under Okawaru
  3862 | D:4      | Reached skill level 6 in Polearms
  3862 | D:4      | Reached XP level 7. HP: 21/56 MP: 7/7
  4180 | D:4      | Found Qacvul's Antique Weapon Shoppe.
  4507 | D:5      | Entered Level 5 of the Dungeon
  4530 | D:5      | Found a deep blue altar of Sif Muna.
  4568 | D:5      | Reached skill level 7 in Polearms
  4816 | D:5      | Gained mutation: You are robust. (+10% HP) [mutagenic meat]
  4817 | D:5      | Gained mutation: You expend magic power (3 MP) to strengthen your wands. [mutagenic meat]
  4818 | D:5      | Gained mutation: Your mind is acute. (Int +2) [mutagenic meat]
  4989 | D:5      | Reached ** piety under Okawaru
  4989 | D:5      | Reached skill level 8 in Polearms
  4989 | D:5      | Gained mutation: You regenerate a little health from kills. [demonic ancestry]
  4989 | D:5      | Reached XP level 8. HP: 44/68 MP: 8/8
  5280 | D:5      | Reached skill level 5 in Fighting
  5894 | D:6      | Found a glowing drain.
  5911 | Sewer    | Entered a sewer
  6301 | Sewer    | Reached skill level 9 in Polearms
  6792 | D:7      | Reached skill level 10 in Polearms
  6794 | D:7      | Gained mutation: You are mostly covered in rugged brown scales. (AC +2, +5% HP) [demonic ancestry]
  6794 | D:7      | Reached XP level 9. HP: 71/78 MP: 4/9
  6868 | D:7      | Found a basalt altar of Yredelemnul.
  6869 | D:7      | Noticed a deep elf mage
  6878 | D:7      | Killed a deep elf mage
  6878 | D:7      | Reached *** piety under Okawaru
  7269 | D:7      | Found a bloodstained altar of Trog.
  7520 | D:8      | Noticed Grum
  7525 | D:7      | Reached skill level 11 in Polearms
  7867 | D:8      | Noticed a troll
  7895 | D:7      | Reached **** piety under Okawaru
  8128 | D:8      | Noticed Gastronok
  8356 | D:8      | Reached skill level 12 in Polearms
  8397 | D:7      | Killed Gastronok
  8397 | D:7      | Reached ***** piety under Okawaru
  8397 | D:7      | Gained mutation: You regenerate health from kills. [demonic ancestry]
  8397 | D:7      | Reached XP level 10. HP: 41/90 MP: 7/10
  8988 | D:8      | Reached skill level 13 in Polearms
  9026 | D:8      | Noticed Maurice
  9028 | D:8      | Noticed Erica
  9074 | D:8      | Noticed Joseph
  9487 | D:8      | Killed Joseph
  9495 | D:8      | Killed Erica
  9616 | D:7      | Killed Grum
  9635 | D:8      | Found a staircase to the Lair.
  9766 | D:8      | Found a basalt altar of Yredelemnul.
  9878 | D:9      | Gained mutation: You have hoof-like feet. [demonic ancestry]
  9878 | D:9      | Reached XP level 11. HP: 96/97 MP: 11/11
 10023 | D:9      | Found a snail-covered altar of Cheibriados.
 10023 | D:9      | Found an ancient bone altar of Kikubaaqudgha.
 10176 | D:9      | Noticed a two-headed ogre
 10198 | D:9      | Killed a two-headed ogre
 10198 | D:9      | Reached skill level 14 in Polearms
 10421 | D:10     | Entered Level 10 of the Dungeon
 10501 | D:10     | Received a gift from Okawaru
 10519 | D:10     | Gained mutation: Your body sometimes deteriorates upon taking damage. [mutagenic meat]
 10520 | D:10     | Lost mutation: Your mind is acute. (Int +2) [mutagenic meat]
 10522 | D:10     | Got a twisted spear {god gift}
 10523 | D:10     | Identified the +5 spear of Domination {antimagic, MR- Str+2 Int+7} (Okawaru gifted it to you on level 10 of the Dungeon)
 10875 | D:10     | Paralysed by a hornet for 1 turns
 11835 | Lair:1   | Entered Level 1 of the Lair of Beasts
 12046 | Lair:1   | Received a gift from Okawaru
 12693 | Lair:2   | Reached skill level 15 in Polearms
 12754 | Lair:2   | Noticed Urug
 13090 | Lair:2   | Found a bloodstained altar of Trog.
 13223 | Lair:2   | Noticed Sonja
 13226 | Lair:2   | Noticed Sonja
 13226 | Lair:2   | Sonja changed into Sonja the acid dragon
 13487 | Lair:2   | Killed Sonja the acid dragon
 13738 | Lair:2   | Reached XP level 12. HP: 85/109 MP: 10/12
 13883 | Lair:2   | Found a hole to the Spider Nest.
 13981 | Lair:2   | Noticed a five-headed hydra
 14010 | Lair:2   | Killed a five-headed hydra
 14063 | Lair:2   | Killed Urug
 14345 | Lair:3   | Noticed a six-headed hydra
 14427 | Lair:3   | Reached skill level 16 in Polearms
 14501 | Lair:3   | Killed a six-headed hydra
 14820 | Lair:3   | Received a gift from Okawaru
 15532 | Lair:3   | Reached ****** piety under Okawaru
 15737 | Lair:3   | Found a staircase to the Swamp.
 16323 | Lair:4   | Reached skill level 17 in Polearms
 16414 | Lair:4   | Slain by a komodo dragon

Vault maps used:
D:1:      giann_bridges
D:2:      first_bread, tgw_kikubaaqudgha
D:3:      uniq_crazy_yiuf_cottage
D:4:      temple_green, serial_shops, nicolae_shop_crystal, hex_tiny,
          small_statue_intersection, kennysheep_generic_room_12
D:5:      tgw_sif
D:6:      portal_sewer_entry_b, minmay_lizard_king
D:7:      kennysheep_mini, david_defended_altar_elf
D:8:      kennysheep_mini_moat, erik_lair_island, uniq_grum, uniq_joseph,
          uniq_gastronok, uniq_maurice, uniq_erica
D:9:      gammafunk_temple_overflow_wave
D:10:     hangedman_pestilent_swarm
Temple:   hc_temple_tempest_star
Lair:2:   spider_nest_entry_web_field, basic_altar, serial_bayou_shore_b,
          infiniplex_staircase_pool_2, uniq_sonja, uniq_urug
Lair:3:   nicolae_swamp_entry_splash_gauntlet, serial_bayou_pond_c,
          serial_bayou_shore_a, lemuel_fruit_fields
Lair:4:   kilobyte_rumbling_trees, grunt_megastairs_2, minmay_lair_oklob_chamber
Sewer:    sewer_fruit_machine

Skill      XL: |  1  2  3  4  5  6  7  8  9 10 11 12 |
---------------+-------------------------------------+-----
Polearms       | 2 3 4 5 6 8 10 12 13 15 17 | 17.0
Fighting       | 4 5 7 9 |  9.0
Armour         | |  2.6
Shields        | |  2.6

Action                   |  1- 3 |  4- 6 |  7- 9 | 10-12 || total
-------------------------+-------+-------+-------+-------++-------
Melee: Trident           |   174 |   245 |   584 |  1029 ||  2032
       Kick              |    18 |    61 |   193 |   390 ||   662
Invok: Heroism           |       |       |     2 |    19 ||    21
Evoke: Wand              |       |       |     6 |    22 ||    28
  Use: Scroll            |     3 |     3 |     4 |     7 ||    17
       Potion            |       |       |     1 |     4 ||     5
 Stab: Distracted        |       |       |     1 |       ||     1
       Confused          |       |       |     2 |     4 ||     6
       Invisible         |       |       |       |     3 ||     3
  Eat: Chunk             |     1 |     4 |    18 |    22 ||    45
       Bread ration      |       |     1 |       |     1 ||     2
       Royal jelly       |       |       |     1 |       ||     1
       Fruit             |       |       |       |     4 ||     4
Armor: Scale mail        |    13 |       |       |       ||    13
       Chain mail        |    61 |    85 |   183 |       ||   329
       Plate armour      |       |       |    96 |   413 ||   509
Dodge: Dodged            |    27 |    30 |    62 |    75 ||   194
Block: Shield            |    67 |    79 |   232 |   313 ||   691

Table legend:
 A = Spawn XP
 B = Non-spawn XP
 C = Spawn XP percentage of total XP
 D = Spawn monster count
 E = Non-spawn monster count
 F = Spawn count percentage of total count
 G = Total turns spent on level
                    A         B        C        D         E        F      G
               +---------+---------+-------+---------+---------+-------+---------
         Total |       0 |   32612 |   0.0 |       0 |     357 |   0.0 | 16414
               +---------+---------+-------+---------+---------+-------+---------
           D:1 |       0 |      35 |   0.0 |       0 |      18 |   0.0 |   535
           D:2 |       0 |      67 |   0.0 |       0 |      24 |   0.0 |  1320
           D:3 |       0 |     113 |   0.0 |       0 |      25 |   0.0 |   832
           D:4 |       0 |     751 |   0.0 |       0 |      27 |   0.0 |  1644
           D:5 |       0 |     567 |   0.0 |       0 |      13 |   0.0 |  1118
           D:6 |       0 |     772 |   0.0 |       0 |      26 |   0.0 |   625
           D:7 |       0 |    5524 |   0.0 |       0 |      41 |   0.0 |  2344
           D:8 |       0 |    2935 |   0.0 |       0 |      26 |   0.0 |   830
           D:9 |       0 |    1703 |   0.0 |       0 |      19 |   0.0 |   634
          D:10 |       0 |    4496 |   0.0 |       0 |      45 |   0.0 |  1377
        Lair:1 |       0 |    1090 |   0.0 |       0 |       7 |   0.0 |  1008
        Lair:2 |       0 |    7385 |   0.0 |       0 |      29 |   0.0 |  2024
        Lair:3 |       0 |    5400 |   0.0 |       0 |      26 |   0.0 |  1322
        Lair:4 |       0 |    1688 |   0.0 |       0 |       9 |   0.0 |   225
         Sewer |       0 |      86 |   0.0 |       0 |      22 |   0.0 |   400
               +---------+---------+-------+---------+---------+-------+---------
